 Dungeon Crawl Stone Soup version 0.30-a0-715-gdb4ae3ece1 (webtiles) character file.

Game seed: 16239009586266062025

57 wormed the Sneak (level 4, -1/38 HPs)
             Began as a Naga Fire Elementalist on Jan 25, 2023.
             Slain by a gnoll
             ... wielding a +0 halberd
              (7 damage)
             ... on level 2 of the Dungeon.
             The game lasted 00:03:15 (1625 turns).

wormed the Sneak (Naga Fire Elementalist)           Turns: 1625, Time: 00:03:16

Health: -1/38      AC:  2    Str: 10    XL:     4   Next: 0%
Magic:  0/7        EV:  9    Int: 18    God:
Gold:   101        SH:  0    Dex: 11    Spells: 4/7 levels left

rFire   . . .      SeeInvis +    b - +0 short sword
rCold   . . .      Faith    .    (no shield)
rNeg    . . .      Spirit   .    a - +0 robe
rPois   +          Reflect  .    (no helmet)
rElec   .          Harm     .    (no cloak)
rCorr   .          Rampage  .    (no gloves)
Will    .....                    (no barding)
Stlth   ++                       (no amulet)
HPRegen 0.26/turn                (no ring)
MPRegen 0.10/turn                (no ring)

@: very slow
A: AC +1, large, see invisible, deformed body, poison resistance, slowness 2,
spit poison 1, naga tail 1
a: Spit Poison


You were on level 2 of the Dungeon.
You visited 1 branch of the dungeon, and saw 2 of its levels.

You collected 101 gold pieces.

Inventory:

Hand Weapons
 b - a +0 short sword (weapon)
Armour
 a - a +0 robe (worn)
Potions
 d - a potion of mutation {unknown}
 e - a potion of brilliance {unknown}
 f - 3 potions of curing {unknown}
 g - a potion of degeneration {unknown}


   Skills:
 + Level 1.2 Fighting
 - Level 1.5 Dodging
 + Level 4.0 Stealth
 + Level 2.4 Spellcasting
 + Level 1.7 Conjurations
 + Level 3.3 Fire Magic


You had 4 spell levels left.
You knew the following spells:

 Your Spells              Type           Power      Damage    Failure   Level
a - Foxfire               Conj/Fire      44%        2x1d6     6%          1
b - Scorch                Fire           28%        2d6       6%          2

Your spell library contained the following spells:

 Spells                   Type           Power      Damage    Failure   Level
 Inner Flame              Hex/Fire       8%         N/A       26%         3
 Kindle Blastsparks       Fire/Tloc/Air  12%        2d11      32%         3
 Flame Wave               Conj/Fire      11%        2d6       52%         4


Dungeon Overview and Level Annotations

Branches:
Dungeon (2/15)

Altars:


Innate Abilities, Weirdness & Mutations

Your serpentine skin is tough. (AC +1)
You have supernaturally acute eyesight. (SInv)
Armour fits poorly on your strangely shaped body.
Your system is resistant to poisons. (rPois)
You cover ground very slowly.
You can spit poison.
You have a snake-like lower body.


Message History

You conjure some foxfire!
The gnoll hits you from afar with a +0 spear.
Casting: Foxfire (safe; 7% risk of failure)
Confirm with . or Enter, or press ? or * to list all spells.
Flames lash the gnoll.
The gnoll is heavily wounded.
The gnoll's fire resistance burns away.
The foxfire hits the gnoll but does no damage.
The gnoll is heavily wounded.
The foxfire hits the gnoll.
The gnoll is burned terribly!
The gnoll is severely wounded.
The gnoll hits you from afar with a +0 spear!
Casting: Scorch (safe; 7% risk of failure)
Confirm with . or Enter, or press ? or * to list all spells.
You conjure some foxfire!
The gnoll hits you from afar with a +0 spear.
Casting: Foxfire (safe; 7% risk of failure)
Confirm with . or Enter, or press ? or * to list all spells.
Flames lash the gnoll.
The gnoll is burned terribly!
You kill the gnoll!
The foxfire hits the adder.
The adder is lightly wounded.
The foxfire hits the adder.
The adder is moderately wounded.
The adder bites you.
Your Stealth skill increases to level 4!
You have reached level 4!
You feel clever.
As you read the scroll labelled QOHIDW TAKAUCK, it crumbles to dust.
You feel aware of your surroundings.
You sensed 1 altar.
It was a scroll of magic mapping.
The adder barely misses you.
The gnoll hits you from afar with a +0 halberd!
* * * LOW HITPOINT WARNING * * *
The adder barely misses you.
As you read the scroll labelled UGHULEADE, it crumbles to dust.
It is a scroll of amnesia.
Okay, then.
The adder barely misses you.
The gnoll hits you from afar with a +0 halberd!
You die...

.........# *,,, #....†.#.#
######### *,,,
.....###.###.......# ******,
.........>.........# *,,,,*,
.....#####.#.......#*******,,,,,,
......#............#*,,,,,*,,,,,,
......#............+,,,,,,,,,,,,,
#####.#....#.......##...,,,,,*,,,
*.#....####.@Sgg....,,,,,,,,,
#####.#.#### #######...,,,,,****
......#.# ****+***** * #######.#
*,,,,,,****** ........#
*,,,,,,,,,,,, #########
*,,,,,,,,,,,, ******,,,,,,,
*,,,,,,, *,,,,,,,


You could see 2 gnolls and an adder.

Vanquished Creatures
  A gnoll (D:2)
  A worm (D:2)
  2 dart slugs
  3 endoplasms (D:1)
  A giant cockroach (D:1)
  A goblin (D:1)
  3 hobgoblins
  6 jackals
  3 kobolds (D:1)
  A quokka (D:2)
  6 ball pythons
  3 bats (D:1)
  3 frilled lizards (D:1)
  3 rats
37 creatures vanquished.

Vanquished Creatures (others)
  38 foxfires
38 creatures vanquished.

Grand Total: 75 creatures vanquished

Notes
Turn   | Place    | Note
-------+----------+-------------------------------------------
     0 | D:1      | wormed the Naga Fire Elementalist began the quest for the
                  | Orb.
     0 | D:1      | Reached XP level 1. HP: 15/15 MP: 3/3
   136 | D:1      | Reached XP level 2. HP: 24/24 MP: 1/5
   216 | D:1      | Learned a level 2 spell: Scorch
   653 | D:1      | Reached XP level 3. HP: 21/30 MP: 0/6
  1006 | D:1      | Reached skill level 1 in Fighting
  1624 | D:2      | Reached skill level 4 in Stealth
  1624 | D:2      | Reached XP level 4. HP: 19/38 MP: 0/7
  1625 | D:2      | Slain by a gnoll

Illustrated notes

Levels and vault maps discovered:
D:1:      tekkud_arrival_beachfront_property, layout_basic
D:2:      layout_basic, basic_altar, minmay_circled_x

Skill      XL: |  1  2  3 |
---------------+----------+-----
Fighting       | 1 |  1.2
Stealth        | 4 |  4.0
Dodging        | |  1.5
Spellcasting   | |  2.4
Conjurations   | |  1.7
Fire Magic     | |  3.3

Action                     |  1- 3 |  4- 6 || total
---------------------------+-------+-------++-------
  Melee: Unarmed           |    10 |       ||    10
         Short sword       |    13 |       ||    13
         Punch             |     1 |       ||     1
   Cast: Foxfire           |    23 |       ||    23
         Scorch            |    25 |       ||    25
Ability: Spit Poison       |     1 |       ||     1
    Use: Potion            |     1 |       ||     1
         Scroll            |       |     2 ||     2
 Armour: Robe              |     4 |       ||     4
  Dodge: Dodged            |    21 |     3 ||    24

Table legend: (Time is in decaauts)
 A = Elapsed time spent in this place.
 B = Non-inter-level travel time spent in this place.
 C = Inter-level travel time spent in this place.
 D = Time resting spent in this place.
 E = Time spent auto-exploring this place.
 F = Levels seen in this place.
 G = Mean time per level.
                   A        B        C        D        E       F      G
               +--------+--------+--------+--------+--------+-----+--------+
         Total |   1986 |   1961 |     25 |      0 |   1686 |   2 |  993.0 |
       Dungeon |   1986 |   1961 |     25 |      0 |   1686 |   2 |  993.0 |
               +--------+--------+--------+--------+--------+-----+--------+

Top non-repeatable levels by time:
     D:1: 1504 daAuts
     D:2: 481 daAuts
